 Dungeon Crawl Stone Soup version 0.29.1-15-g9cfb28693d (webtiles) character file.

Game seed: 6558473528306912580

149 hawla the Chiller (level 5, 0/57 HPs)
             Began as a Meteoran Ice Elementalist on Feb 22, 2023.
             Slain by a bullfrog zombie (4 damage)
             ... on level 4 of the Dungeon.
             The game lasted 00:05:38 (556 turns).

hawla the Chiller (Meteoran Ice Elementalist)        Turns: 556, Time: 00:05:38

Health: 0/57       AC:  3    Str: 10    XL:     5   Next: 89%
Magic:  9/11       EV: 12    Int: 18    God:
Gold:   69         SH:  0    Dex: 14    Spells: 3/11 levels left

rFire   + . .      SeeInvis .   g - +0 club
rCold   . . .      Faith    .   (no shield)
rNeg    + . .      Spirit   .   a - +0 robe
rPois   .          Reflect  .   (no helmet)
rElec   +          Harm     .   (no cloak)
rCorr   +          Rampage  .   d - +0 pair of gloves
Will    .....                   (no boots)
Stlth   ..........              (no amulet)
HPRegen 0.19/turn               c - ring of the Fuzzy Banana {rElec rF+ rN+ rCorr}
MPRegen 0.12/turn               (no ring)

@: berserking, glowing, very quick
A: sense surroundings 1, otherworldly, glowing, explore regen
a: no special abilities


You were on level 4 of the Dungeon.
You visited 1 branch of the dungeon, and saw 5 of its levels.

You collected 69 gold pieces.

Inventory:

Hand Weapons
 g - a +0 club (weapon)
Armour
 a - a +0 robe (worn)
 d - a +0 pair of gloves (worn)
Jewellery
 c - the ring of the Fuzzy Banana (left hand) {rElec rF+ rN+ rCorr}
   (You acquired it on level 3 of the Dungeon)

   [ring of protection from fire]

   rF:        It protects you from fire.
   rElec:     It insulates you from electricity.
   rN:        It protects you from negative energy.
   rCorr:     It protects you from acid and corrosion.
Scrolls
 f - a scroll of identify
 j - a scroll of vulnerability {unknown}
Potions
 b - a potion of ambrosia
 h - a potion of brilliance {unknown}
 i - a potion of haste {unknown}


   Skills:
 + Level 0.1 Maces & Flails
 - Level 2.5 Dodging
 - Level 1.4 Stealth
 - Level 3.5 Spellcasting
 + Level 3.7 Conjurations
 - Level 5.5 Ice Magic


You had 3 spell levels left.
You knew the following spells:

 Your Spells              Type           Power      Damage    Failure   Level
a - Freeze                Ice            92%        1d10      1%          1
b - Frozen Ramparts       Ice            46%        1d7       4%          3
c - Hailstorm             Conj/Ice       19%        3d6       22%         4

Your spell library contained the following spells:

 Spells                   Type           Power      Damage    Failure   Level
 Ozocubu's Armour         Ice            23%        N/A       4%          3


Dungeon Overview and Level Annotations

Branches:
Dungeon (5/15) Zot: 2441
 Temple: D:4-7

Altars:

Shops:
D:3 :

Annotations:
D:3 Grinder; bnorton916's ghost, amateur DEFE


Innate Abilities, Weirdness & Mutations

You passively map a small area around you.
You are easily found by Zot.
You glow in the dark.
You regain HP and MP as you explore.


Message History

The bullfrog zombie is lightly damaged.
The bullfrog zombie completely resists.
The wall freezes the bullfrog zombie but does no damage.
The bullfrog zombie hits you but does no damage.
A goblin comes into view. It is wielding a +0 dagger.
The wall freezes the hobgoblin.
The hobgoblin hits you.
* * * LOW HITPOINT WARNING * * *
The bullfrog zombie completely resists.
The wall freezes the bullfrog zombie but does no damage.
The bullfrog zombie hits you but does no damage.
You hit the bullfrog zombie but do no damage.
The bullfrog zombie is lightly damaged.
The wall freezes the hobgoblin.
You kill the hobgoblin!
The bullfrog zombie completely resists.
The wall freezes the bullfrog zombie but does no damage.
The bullfrog zombie misses you.
You hit the bullfrog zombie but do no damage.
The bullfrog zombie is lightly damaged.
The bullfrog zombie completely resists.
The wall freezes the bullfrog zombie but does no damage.
The bullfrog zombie hits you.
* * * LOW HITPOINT WARNING * * *
The bullfrog zombie completely resists.
The wall freezes the bullfrog zombie but does no damage.
The bullfrog zombie hits you.
* * * LOW HITPOINT WARNING * * *
It was a potion of berserk rage.
A red film seems to cover your vision as you go berserk!
You feel yourself moving faster!
You feel mighty!
The frozen ramparts melt away.
The bullfrog zombie hits you but does no damage.
You thump the bullfrog zombie!
The bullfrog zombie is heavily damaged.
The bullfrog zombie hits you.
* * * LOW HITPOINT WARNING * * *
You hit the bullfrog zombie.
The bullfrog zombie is heavily damaged.
The bullfrog zombie hits you.
You die...

###* #..#.,, .... * ...
...#..#######......#. ,
..##.###.........#.......,
.....##...<..)...#.....####.
........#........#.........
, .................#.......#
... ,
.....####).......#Z......#
..... ....##
#.$......†.......##..<..
....#
#.......@.g.....#........
....#
###..#.##Z...............
..#.#
#[##.###...............
..### #.
#................... ..# #.
...>......>......... ..####
,#.#####......#...... .....#
* . * #.............
.....#### ,
,.........>...... .........
** .....P....####...


You could see a hound zombie, a bullfrog zombie and a goblin.

Vanquished Creatures
  A jelly (D:4)
  Jessica (D:3)
  6 adders
  3 worms
  A bat (D:3)
  2 endoplasms
  3 goblins
  6 hobgoblins
  3 jackals (D:2)
  A quokka (D:2)
  A ball python (D:2)
  2 frilled lizards
  2 kobolds (D:3)
  4 rats (D:2)
36 creatures vanquished.

Notes
Turn   | Place    | Note
-------+----------+-------------------------------------------
     0 | D:1      | hawla the Meteoran Ice Elementalist began the quest for the
                  | Orb.
     0 | D:1      | Reached XP level 1. HP: 14/14 MP: 5/5
    21 | D:2      | Reached XP level 2. HP: 15/20 MP: 3/6
    41 | D:2      | Reached skill level 5 in Ice Magic
    41 | D:2      | Reached XP level 3. HP: 21/26 MP: 5/8
    45 | D:2      | Learned a level 3 spell: Frozen Ramparts
   162 | D:2      | Reached XP level 4. HP: 27/33 MP: 0/10
   199 | D:2      | Learned a level 4 spell: Hailstorm
   257 | D:3      | Noticed bnorton916's ghost (amateur DEFE)
   257 | D:3      | Found a runed translucent gate.
   257 | D:3      | Found a runed translucent gate.
   257 | D:3      | Found a runed translucent gate.
   257 | D:3      | Found Tymurusch's Book Emporium.
   268 | D:3      | Identified a scroll of acquirement
   268 | D:3      | Acquired the ring of the Fuzzy Banana {rElec rF+ rN+ rCorr}
   274 | D:3      | Noticed Jessica
   281 | D:3      | Reached skill level 1 in Conjurations
   286 | D:3      | Killed Jessica
   287 | D:3      | Reached XP level 5. HP: 17/38 MP: 0/11
   325 | D:2      | Found a faded altar of an unknown god.
   452 | D:3      | Noticed Grinder
   506 | D:5      | Entered Level 5 of the Dungeon
   526 | D:5      | Noticed a phantom
   528 | D:5      | Noticed a necrophage
   556 | D:4      | Slain by a bullfrog zombie

Illustrated notes

Levels and vault maps discovered:
D:1:      ebering_hopf_link, layout_loops_corners
D:2:      layout_loops_ring, ebering_ecumenical_altar_box
D:3:      layout_rooms, serial_shops, shop, gammafunk_ghost_nasty_kobolds,
          uniq_grinder, uniq_jessica
D:4:      layout_rooms, serial_undead, serial_undead_a, serial_undead_d,
          serial_undead_a, serial_undead_c, serial_undead_e
D:5:      layout_basic, gammafunk_ghost_gnarly_gnolls, grunt_ministairs_4

Skill      XL: |  1  2  3  4  5 |
---------------+----------------+-----
Ice Magic      | 5 |  5.5
Spellcasting   | 3 |  3.5
Conjurations   | 2 3 |  3.7
Maces & Flails | |  0.1
Dodging        | |  2.5
Stealth        | |  1.4

Action                   |  1- 3 |  4- 6 || total
-------------------------+-------+-------++-------
Melee: Unarmed           |     1 |    11 ||    12
       Club              |       |    13 ||    13
 Cast: Freeze            |    14 |    21 ||    35
       Frozen Ramparts   |     6 |     8 ||    14
       Hailstorm         |       |     1 ||     1
  Use: Scroll            |       |     3 ||     3
       Potion            |       |     2 ||     2
Armor: Robe              |     1 |    29 ||    30
Dodge: Dodged            |    16 |    55 ||    71
